 Dungeon Crawl Stone Soup version 0.31-a0-145-g046c7d2549 (webtiles) character file.

Game seed: 5339207900696624289

234 Ijustatesigmund the Stinger (level 6, 0/38 HPs)
             Began as an Octopode Venom Mage on June 7, 2023.
             Succumbed to an adder's poison
             ... on level 3 of the Dungeon.
             The game lasted 00:06:27 (3156 turns).

Ijustatesigmund the Stinger (Octopode Venom Mage)   Turns: 3156, Time: 00:06:28

Health: 0/38       AC:  1    Str:  7    XL:     6   Next: 5%
Magic:  5/10       EV: 13    Int: 19    God:
Gold:   108        SH:  0    Dex: 13    Spells: 5/11 levels left

rFire   . . .        c - staff of air
rCold   . . .        (no shield)
rNeg    . . .        (helmet restricted)
rPois   .            (no amulet)
rElec   +            (no ring)
rCorr   .            (no ring)
SInv    .            (no ring)
Will    .....        (no ring)
Stlth   +++          (no ring)
HPRegen 0.26/turn    (no ring)
MPRegen 0.12/turn    (no ring)
                     (no ring)

%: no passive effects
@: lethally poisoned (0 -> -1), attractive, invisible
A: almost no armour, amphibious, 8 rings, camouflage 1, gelatinous body 1,
(nimble swimmer 1), tentacles
a: no special abilities


You were on level 3 of the Dungeon.
You visited 1 branch of the dungeon, and saw 3 of its levels.
You also visited: Sewer.

You collected 108 gold pieces.

Inventory:

Hand Weapons
 b - a +2 whip of venom
Magical Staves
 c - a staff of air (weapon)
Scrolls
 d - 2 scrolls of teleportation
 f - 2 scrolls of fog
 g - 2 scrolls of enchant armour
Potions
 a - a potion of magic


   Skills:
 - Level 1.0 Fighting
 + Level 0.1 Staves
 - Level 2.0 Dodging
 - Level 2.6 Stealth
 + Level 3.2 Spellcasting
 + Level 2.2 Conjurations
 - Level 1.5 Transmutations
 + Level 2.2 Air Magic
 + Level 5.0 Poison Magic


You had 5 spell levels left.
You knew the following spells:

 Your Spells              Type           Power      Damage    Failure   Level
a - Sting                 Tmut/Pois      60%        1d6       3%          1
b - Poisonous Vapours     Pois/Air       50%        N/A       4%          2
c - Mephitic Cloud        Conj/Pois/Air  22%        N/A       12%         3

Your spell library contained the following spells:

 Spells                   Type           Power      Damage    Failure   Level
 Olgreb's Toxic Radiance  Pois           22%        N/A       19%         4
 Storm Form               Tmut/Air       7%         N/A       100%        7
 Maxwell's Capacitive Co  Air            8%         ∞         100%        8


Dungeon Overview and Level Annotations

Branches:
Dungeon (3/15)              Sewer (visited)

Altars:
Cheibriados
Dithmenos

Shops:
D:3 (


Innate Abilities, Weirdness & Mutations

You cannot wear most types of armour.
You are amphibious.
You can wear up to eight rings at the same time.
Your skin changes colour to match your surroundings (Stealth+).
Your rubbery body absorbs attacks. (AC +1, EV +1)
((You are camouflaged when in or above water. (Stealth+)))
You have tentacles for arms and can constrict up to eight enemies at once.


Message History

You feel sick. The adder bites you.
You are more poisoned.
The adder poisons you! The adder bites you.
You are more poisoned.
The adder poisons you!
You barely miss the adder. Your grab misses the adder.
The adder is severely wounded.
* * * LOW HITPOINT WARNING * * *
You feel very sick. The adder misses you.
It was a potion of invisibility.
You fade into invisibility!
* * * LOW HITPOINT WARNING * * *
You feel very sick. The adder barely misses you. The adder bites you.
* * * LOW HITPOINT WARNING * * *
You hit the adder. You grab the adder.
The adder is almost dead.
You constrict the adder.
* * * LOW HITPOINT WARNING * * *
You feel sick.
The adder struggles to escape constriction.
It was a potion of attraction.
You feel attractive to monsters.
You constrict the adder.
You kill the adder!
* * * LOW HITPOINT WARNING * * *
You feel sick.
* * * LOW HITPOINT WARNING * * *
You feel sick.
You see here an adder corpse.
Okay, then.
Okay, then.
* * * LOW HITPOINT WARNING * * *
You feel sick.
* * * LOW HITPOINT WARNING * * *
You feel sick.
* * * LOW HITPOINT WARNING * * *
You feel sick.
You die...

.....############..##.#
#....#.~~~~~~~~~...##.#
####...~~~~.~~~~....#.##
.......÷~~~~~~~~.......#
......###########......###
####### #,#.............#
# *####.##.......##.#.# #
***.............###.#.# #
*,,..........@.## #.#,# #*
*,*.###.####.#?# #.#,* .*
*,*,* #.* #)#.# #.#,** .*
#.#,* #,* #.#.#* *..,,* .*
#>#,* *,***#..#.***,,*,*
** #.#,*
*,,,,..#*#,,,,,,,* * #.#,*
**,*,#..*,*****,** *
#.#,****,*,#.#,** *,* *
#.#,,,,,,,,...,* **,*****


There were no monsters in sight!

Vanquished Creatures
  A water moccasin (Sewer)
  Jessica (D:2)
  5 adders
  2 worms
  3 dart slugs (D:1)
  6 bats
  4 endoplasms
  3 giant cockroaches (D:1)
  2 goblins (D:2)
  2 hobgoblins
  4 kobolds
  5 quokkas
  3 ball pythons
  6 frilled lizards
  7 rats
54 creatures vanquished.

Notes
Turn   | Place    | Note
-------+----------+-------------------------------------------
     0 | D:1      | Ijustatesigmund the Octopode Venom Mage began the quest for
                  | the Orb.
     0 | D:1      | Reached XP level 1. HP: 11/11 MP: 3/3
   152 | D:1      | Reached XP level 2. HP: 15/18 MP: 5/5
   207 | D:1      | Found a faded altar of an unknown god.
   535 | D:1      | Reached skill level 1 in Fighting
   535 | D:1      | Reached skill level 4 in Poison Magic
   546 | D:1      | Learned a level 2 spell: Poisonous Vapours
   592 | D:1      | Reached XP level 3. HP: 23/23 MP: 3/6
   599 | D:1      | Learned a level 3 spell: Mephitic Cloud
   980 | D:2      | Noticed Jessica
   987 | D:2      | Killed Jessica
  1090 | D:2      | Reached XP level 4. HP: 26/28 MP: 4/7
  1129 | D:2      | Reached skill level 1 in Air Magic
  1486 | D:2      | Reached skill level 1 in Conjurations
  2340 | D:3      | Found a snail-covered altar of Cheibriados.
  2344 | D:3      | Found a shadowy altar of Dithmenos.
  2661 | D:3      | Reached XP level 5. HP: 32/33 MP: 9/9
  2677 | D:3      | Found Zuan's Antique Weapon Shop.
  2688 | D:3      | Found a glowing drain.
  2708 | Sewer    | Entered a sewer
  2808 | Sewer    | Noticed a water moccasin
  2828 | Sewer    | Killed a water moccasin
  2829 | Sewer    | Reached skill level 5 in Poison Magic
  3110 | D:3      | Reached XP level 6. HP: 32/38 MP: 10/10
  3154 | D:3      | HP: 1/38 [poisoned by an adder]
  3156 | D:3      | Succumbed to an adder's poison

Illustrated notes

Levels and vault maps discovered:
D:1:      psy_arrival_radial01, layout_basic,
          hellmonk_ecumenical_altar_defaced_shrine,
          chequers_serial_rivers_micro_e, minmay_misc_feat_alley
D:2:      layout_basic, minmay_stone_trees_small, hangedman_decor_lopped,
          kennysheep_flooded_box, uniq_jessica
D:3:      layout_loops_ring, mainiacjoe_overflow_catwalk_spiral, serial_shops,
          nicolae_diamond_shop, portal_sewer_entry_f

Skill      XL: |  1  2  3  4  5 |
---------------+----------------+-----
Fighting       | 1 |  1.0
Poison Magic   | 4 5 |  5.0
Air Magic      | 1 2 |  2.2
Conjurations   | 1 2 |  2.2
Spellcasting   | 3 |  3.2
Staves         | |  0.1
Dodging        | |  2.0
Stealth        | |  2.6
Transmutations | |  1.5

Action                     |  1- 3 |  4- 6 || total
---------------------------+-------+-------++-------
  Melee: Whip              |    33 |    51 ||    84
         Constrict         |     8 |    13 ||    21
         Unarmed           |     2 |       ||     2
         Tentacles         |     6 |    12 ||    18
         Punch             |     1 |     1 ||     2
         Staff             |       |    13 ||    13
   Cast: Sting             |     9 |     1 ||    10
         Poisonous Vapours |     7 |    30 ||    37
    Use: Scroll            |       |     8 ||     8
         Potion            |       |     5 ||     5
   Stab: Sleeping          |     6 |     2 ||     8
 Armour: Skin              |       |    14 ||    14
  Dodge: Dodged            |    21 |    32 ||    53

Table legend: (Time is in decaauts)
 A = Elapsed time spent in this place.
 B = Non-inter-level travel time spent in this place.
 C = Inter-level travel time spent in this place.
 D = Time resting spent in this place.
 E = Time spent auto-exploring this place.
 F = Levels seen in this place.
 G = Mean time per level.
                   A        B        C        D        E       F      G
               +--------+--------+--------+--------+--------+-----+--------+
         Total |   3147 |   3111 |     36 |    487 |   2177 |   4 |  786.8 |
       Dungeon |   2843 |   2807 |     36 |    306 |   2105 |   3 |  947.7 |
         Sewer |    303 |    303 |      0 |    181 |     72 |   1 |  303.0 |
               +--------+--------+--------+--------+--------+-----+--------+

Top non-repeatable levels by time:
     D:2: 1377 daAuts
     D:1: 964 daAuts
     D:3: 502 daAuts
   Sewer: 303 daAuts
